Map: Tourmaline LE

Players

HoldTheDoor

  • Race: Protoss Protoss
  • League: Diamond
  • Spawn Location: 1:00

llllllllll - Winner!

  • Race: Terran Terran
  • League: Master
  • Spawn Location: 7:00

VOD

Have the link to the VOD?

Description

Time

  • Played on: May 1, 2026, 11:16 a.m.
  • Length: 13:04
Show
View Real Time Build Order
Export as new Build Order

HoldTheDoor Protoss 

Build Orders: 1 Gate Expand, Colossus Rush 

Get SALT Encoding   

  12  0:00  Probe  
  13  0:12  Probe  
  14  0:17  Pylon  
  14  0:23  Probe  
  15  0:31  Probe  
  15  0:39  Gateway  
  15  0:40  Probe  
  16  0:49  Assimilator  
  17  0:51  Probe  
  18  0:59  Pylon  
  19  1:04  Probe  
  19  1:16  Probe  
  20  1:30  Nexus  
  20  1:36  Cybernetics Core  
  20  1:40  Probe  
  20  1:45  Assimilator  
  21  1:50  Pylon  
  21  1:53  Probe  
  22  2:02  Adept  
  22  2:06  Probe  
  25  2:17  Shield Battery  
  25  2:18  Probe  
  26  2:23  Pylon  
  26  2:30  Probe  
  26  2:32  Sentry  
  29  2:48  Probe  
  30  2:51  Probe  
  30  2:57  Robotics Facility  
  31  3:02  Warp Gate  
  31  3:10  Gateway  
  31  3:13  Gateway  
  31  3:15  Pylon  
  31  3:17  Probe x2  
  33  3:21  Stalker  
  35  3:29  Probe  
  35  3:34  Probe  
  37  3:36  Shield Battery  
  37  3:41  Probe  
  37  3:46  Probe  
  39  3:53  Probe  
  40  4:04  Immortal  
  40  4:06  Probe  
  40  4:07  Probe  
  46  4:10  Assimilator  
  46  4:16  Stargate  
  46  4:18  Probe  
  46  4:21  Pylon  
  49  4:28  Probe  
  49  4:30  Probe  
  55  4:36  Pylon  
  49  4:48  Robotics Bay  
  49  4:52  Pylon  
  49  4:54  Probe  
  49  4:55  Zealot x2, Pylon  
  49  4:56  Zealot  
  49  4:59  Probe  
  57  5:00  Twilight Council  
  57  5:03  Gateway  
  57  5:08  Probe  
  57  5:10  Warp Prism  
  57  5:12  Phoenix  
  62  5:17  Probe  
  62  5:20  Probe  
  64  5:33  Stalker x3  
  64  5:35  Colossus  
  70  5:39  Pylon  
  70  5:41  Pylon  
  76  5:52  Extended Thermal Lance  
  76  5:53  Probe  
  76  5:55  Charge  
  76  5:56  Probe  
  78  5:59  Assimilator  
  78  6:02  Pylon  
  78  6:05  Probe  
  79  6:12  Gateway  
  79  6:15  Gateway  
  79  6:16  Zealot  
  81  6:24  Probe  
  82  6:31  Pylon  
  82  6:36  Colossus  
  82  6:37  Forge  
  88  6:43  Probe  
  88  6:44  Probe  
  90  6:50  Robotics Facility  
  90  6:53  Pylon  
  90  7:00  Zealot x3  
  90  7:01  Phoenix  
  96  7:02  Sentry  
  96  7:05  Probe x2  
  100  7:09  Pylon  
  100  7:18  Nexus  
  100  7:23  Pylon  
  100  7:29  Colossus  
  100  7:31  Protoss Ground Weapons Level 1  
  100  7:32  Colossus  
  112  7:50  Phoenix  
  114  7:58  Protoss Air Weapons Level 1  
  112  8:21  Phoenix  
  114  8:36  Immortal x2  
  122  8:44  Gateway  
  122  8:46  Gateway  
  122  8:48  Gateway  
  122  8:51  Gateway  
  122  8:54  Gateway  
  122  8:56  Gateway  
  122  9:01  Zealot x6  
  134  9:22  Stalker x4  
  92  9:59  Stalker x8  
  108  10:00  Stalker x2  
  102  10:26  Immortal  
  102  10:27  Nexus  
  106  10:28  Pylon  
  106  10:32  Pylon  
  106  10:36  Protoss Ground Armor Level 1  
  106  10:44  Pylon  
  106  10:49  Immortal  
  110  11:09  Templar Archives  
  110  11:16  Fleet Beacon  
  110  11:20  Stargate  
  110  11:22  Pylon  
  110  11:23  Photon Cannon  
  110  11:28  Assimilator  
  110  11:31  Photon Cannon, Sentry  
  112  11:33  Sentry  
  112  11:34  Sentry  
  114  11:58  Pylon  
  114  12:00  Photon Cannon, Pylon  
  114  12:04  Immortal  
  114  12:06  Immortal  
  128  12:37  Stalker x5  
  74  12:59  Zealot x2  
  74  13:00  Zealot x5  
Show
View Real Time Build Order
Export as new Build Order

llllllllll Terran - Winner!

Build Orders:  

Get SALT Encoding   

  12  0:00  SCV  
  13  0:12  SCV  
  14  0:17  Supply Depot  
  14  0:24  SCV  
  15  0:38  SCV  
  15  0:39  Barracks  
  16  0:45  Refinery  
  16  0:50  SCV  
  17  1:02  SCV  
  18  1:15  SCV  
  19  1:27  SCV  
  19  1:28  Reaper  
  21  1:37  Command Center  
  21  1:48  Orbital Command  
  21  1:58  Supply Depot  
  21  2:03  Barracks Tech Lab  
  21  2:14  SCV  
  22  2:22  Marauder  
  24  2:32  SCV, Factory  
  24  2:33  Refinery  
  25  2:44  Marauder, SCV  
  28  2:51  Orbital Command  
  28  2:53  Concussive Shells  
  28  3:00  SCV  
  29  3:08  Command Center  
  29  3:14  Marauder  
  29  3:18  SCV  
  32  3:20  SCV  
  32  3:22  Factory Tech Lab  
  33  3:30  SCV  
  33  3:32  SCV  
  35  3:36  Stimpack  
  35  3:43  Starport  
  35  3:44  SCV x2  
  38  4:03  Marauder  
  38  4:06  SCV x2  
  38  4:09  Refinery  
  40  4:10  Refinery  
  40  4:12  Supply Depot  
  40  4:15  Supply Depot  
  40  4:18  Siege Tank, SCV x2  
  40  4:20  Starport Reactor  
  40  4:22  Orbital Command  
  45  4:30  SCV  
  45  4:31  SCV  
  47  4:43  SCV x2  
  49  4:46  Barracks x2  
  49  4:47  Engineering Bay  
  49  4:49  Engineering Bay  
  49  4:50  SCV  
  50  4:55  SCV x2  
  50  4:57  Marine  
  53  5:02  Siege Tank, SCV  
  57  5:07  SCV x2  
  59  5:15  Supply Depot  
  59  5:16  Supply Depot  
  59  5:19  Terran Infantry Weapons Level 1, Terran Infantry Armor Level 1  
  59  5:20  Combat Shield  
  59  5:23  Marine  
  59  5:25  SCV  
  59  5:26  SCV  
  59  5:27  SCV  
  63  5:33  Orbital Command  
  63  5:34  Medivac x2, Barracks Reactor  
  67  5:36  Barracks Reactor  
  67  5:46  Marine  
  67  5:48  Siege Tank  
  67  5:49  SCV x2  
  73  5:58  Supply Depot  
  73  5:59  Supply Depot  
  73  6:00  Armory  
  73  6:03  Barracks  
  73  6:04  Barracks  
  73  6:05  Medivac  
  73  6:08  SCV x3  
  73  6:10  Marauder  
  80  6:12  Marine x2  
  80  6:13  Marine x2  
  84  6:20  SCV x3  
  84  6:23  Medivac  
  84  6:25  Siege Tank  
  92  6:30  Missile Turret  
  92  6:33  Missile Turret  
  92  6:35  Marine x4, Marauder  
  92  6:37  SCV x2  
  92  6:38  SCV  
  101  6:46  Supply Depot x2  
  101  6:48  Supply Depot  
  101  6:49  Terran Ship Weapons Level 1  
  101  6:54  SCV  
  101  6:55  SCV x2  
  104  7:06  Marauder  
  104  7:08  Barracks Tech Lab x2  
  106  7:09  Marine x4  
  106  7:10  Siege Tank  
  106  7:12  Medivac  
  106  7:14  SCV x3  
  118  7:18  Refinery x2  
  118  7:19  Command Center  
  118  7:27  Terran Infantry Weapons Level 2  
  118  7:30  Terran Infantry Armor Level 2  
  118  7:32  Marine  
  118  7:33  Marine x6  
  118  7:37  SCV x3  
  128  7:50  Marine  
  120  8:14  Viking x2  
  120  8:18  Starport, Marine, Marauder  
  120  8:19  Marine x3, Marauder  
  132  8:33  Marauder  
  129  8:36  Marine x2  
  129  8:37  Marine x2, SCV x3  
  129  8:40  Marauder  
  138  8:45  Siege Tank  
  138  8:47  Marauder  
  143  8:50  Terran Ship Weapons Level 2  
  143  8:54  Marine x3  
  143  8:55  Marauder  
  148  9:03  Supply Depot x4  
  148  9:04  Supply Depot  
  148  9:12  SCV  
  148  9:16  Starport Reactor  
  148  9:24  Marine, Viking x2  
  148  9:25  SCV x2, Marauder  
  157  9:32  Marine  
  157  9:33  Marauder x2, Marine x2  
  164  9:40  SCV x3  
  164  9:42  Marine  
  166  9:46  Marine  
  166  9:50  Marine  
  166  9:51  Marine  
  146  9:54  Viking x2  
  146  9:58  Viking x2  
  146  9:59  Marauder x2, Marine  
  145  10:00  Marine  
  145  10:01  Siege Tank  
  145  10:04  Marauder  
  152  10:08  Marine  
  152  10:13  Command Center x2  
  144  10:14  Command Center  
  144  10:16  Missile Turret  
  144  10:20  Marine x3  
  144  10:21  Marauder x2  
  151  10:24  Viking x2  
  151  10:25  Sensor Tower, Marauder  
  151  10:26  Marine  
  151  10:27  Supply Depot  
  151  10:28  Viking x2  
  162  10:38  Marine x2  
  162  10:42  Marauder  
  166  10:59  Sensor Tower  
  166  11:00  Viking x4  
  166  11:01  Marine, Marauder  
  166  11:02  Marine x2, Marauder  
  181  11:06  Terran Vehicle And Ship Armor Level 1  
  181  11:10  Supply Depot  
  181  11:24  Marine  
  181  11:25  Marauder  
  184  11:27  Refinery  
  184  11:32  Refinery  
  184  11:51  Viking x2  
  184  11:52  Viking, Siege Tank  
  184  11:54  Marauder x3  
  199  11:58  Planetary Fortress  
  199  12:01  Planetary Fortress x2  
  199  12:02  Sensor Tower  
  199  12:06  Missile Turret  
  199  12:07  Missile Turret  
  199  12:09  SCV  
  200  12:25  Starport  
  200  12:29  Factory  
  200  12:33  Barracks x2  
  200  12:36  Barracks  
Tags
 
Add a new tag
Caveats
  • Supply blocks, unpowered buildings, or Contaminate may cause inaccurate times.
  • Supply counts are checked every 10 seconds.